 Dungeon Crawl Stone Soup version 0.17.1-3-g152610e (webtiles) character file.

680 Heskey the Bolt Thrower (level 7, -1/60 HPs)
             Began as a Centaur Hunter on Mar 25, 2016.
             Was an Initiate of Okawaru.
             Slain by an ogre
             ... wielding a +0 giant spiked club
              (4 damage)
             ... on level 5 of the Dungeon.
             The game lasted 00:19:39 (6278 turns).

Heskey the Bolt Thrower (Centaur Hunter)            Turns: 6278, Time: 00:19:39

Health: -1/60      AC: 10    Str: 15    XL:     7   Next: 34%
Magic:  6/6        EV:  7    Int: 10    God:    Okawaru [......]
Gold:   149        SH:  0    Dex: 11    Spells: 0 memorised, 6 levels left

rFire  . . .     SeeInvis .     a - +2 hand crossbow
rCold  . . .     Clarity  .     n - +3 scale mail {MR+}
rNeg   . . .     SustAt   .     (no shield)
rPois  .         Gourm    .     (no helmet)
rElec  .         Spirit   .     s - +0 cloak
rCorr  .         Warding  .     (no gloves)
rMut   .         Stasis   .     (no barding)
MR     +....                    (no amulet)
Stlth  ..........               (no ring)
                                (no ring)

@: very quick, somewhat resistant to hostile enchantments, extremely unstealthy
A: hooves 3, deformed body, speed 2, low mp 1, tough skin 3, evolution 1
a: Renounce Religion


You were on level 5 of the Dungeon.
You worshipped Okawaru.
Okawaru was noncommittal.
You were not hungry.

You visited 2 branches of the dungeon, and saw 7 of its levels.

You collected 149 gold pieces.

Inventory:

Hand Weapons
 a - a +2 hand crossbow (weapon)
 b - a +0 short sword
Missiles
 d - 34 bolts (quivered)
Armour
 n - a +3 scale mail of magic resistance (worn)
 s - a +0 cloak (worn)
Jewellery
 h - an uncursed ring of magical power
Wands
 r - a wand of teleportation (2)
 x - a wand of hasting (5)
Scrolls
 c - a scroll of magic mapping
 j - 2 scrolls of noise
 l - 2 scrolls of fog
 m - a scroll of identify
 w - 2 scrolls of fear
Potions
 i - 2 potions of beneficial mutation
 p - a potion of haste
 q - a potion of resistance
 v - 3 potions of curing
Books
 o - a book of Party Tricks

   Spells                             Type                      Level
   a - Summon Butterflies             Summoning                    1
   b - Apportation                    Translocation                1
   c - Tukima's Dance                 Hexes                        3
   d - Alistair's Intoxication        Transmutation/Poison         4
   e - Invisibility                   Hexes                        6
Comestibles
 e - 3 bread rations
 g - a beef jerky
 k - a fruit


   Skills:
 * Level 4.4 Fighting
 + Level 2.1 Short Blades
 * Level 6.6 Crossbows
 * Level 3.0 Armour
 - Level 1.8 Dodging
 - Level 0.5 Stealth


You had 6 spell levels left.
You didn't know any spells.

Dungeon Overview and Level Annotations

Branches:
Dungeon (6/15)             Temple (1/1) D:4

Altars:
Ashenzari
Cheibriados
Elyvilon
Fedhas
Gozag
Nemelex Xobeh
Okawaru
Qazlal
Sif Muna
Xom
Yredelemnul
Zin
The Shining One

Annotations:
D:5 Shufflesack's ghost, novice SpEn
D:6 Dowan, Duvessa


Innate Abilities, Weirdness & Mutations

You have hooves in place of feet.
Armour fits poorly on your strangely shaped body.
You cover ground very quickly.
You have extremely tough skin (AC +3).
Your magical capacity is low (-10% MP).
You evolve.


Message History

The ogre hits you with a giant spiked club!!
* * * LOW HITPOINT WARNING * * *
You hear a shout!
Firing (i - inventory):
d - 36 bolts (quivered)
Press: ? - help, Shift-Dir - straight line, f/p - ogre
Aim: an ogre, wielding a giant spiked club (heavily wounded)
You shoot a bolt. The bolt barely misses the ogre.
The bolt hits the gnoll!
You kill the gnoll!
Okawaru accepts your kill.
The ogre hits you with a giant spiked club!
* * * LOW HITPOINT WARNING * * *
Firing (i - inventory):
d - 35 bolts (quivered)
Press: ? - help, Shift-Dir - straight line, f/p - ogre
Aim: an ogre, wielding a giant spiked club (heavily wounded)
You shoot a bolt. The bolt hits the ogre!
The ogre is severely wounded.
The gnoll hits you from afar with a halberd.
* * * LOW HITPOINT WARNING * * *
The ogre hits you with a giant spiked club.
You die... .## #.'........)..'....'.... ..# #.#...........#....#.... ..# #.###################### .## #.)....# gg .## #......# O.g

..# #.###'## .g. ..# #.#....#
.g ..# #≈≈ #.#(...###g#####
.## #≈≈###'#....@Ogg...(. .##
#≈≈#...######################
..#
#≈≈#g..#..........†..........
..#
#≈≈#####≈≈≈≈≈≈≈≈≈≈≈≈≈≈≈≈≈≈≈≈≈
..#
#≈≈≈≈≈≈≈≈≈≈≈≈≈≈≈≈≈≈≈≈≈≈≈≈≈≈≈≈
###
#≈≈≈≈≈≈≈≈≈≈≈≈≈≈≈≈≈≈≈≈≈≈≈≈≈≈≈≈
#P.............P.............
#............P...............
#############################


You could see an ogre and 3 gnolls.

Vanquished Creatures
  A sky beast (D:5)
  The ghost of attackplan the Shield-Bearer, a weakling HOFi (D:3)
  Crazy Yiuf (D:2)
  Ijyb (D:2)
  A hound (D:4)
  Terence (D:2)
  An orc wizard (D:3)
  A worker ant (D:4)
  6 adders
  23 gnolls
  An ooze (D:3)
  3 giant geckos
  9 orcs
  2 ball pythons
  8 bats
  3 giant cockroaches
  2 goblins
  5 hobgoblins
  26 jackals
  7 kobolds
  5 quokkas
  A giant gecko skeleton (D:3)
  2 giant newts
  6 rats
  A fungus (D:2)
118 creatures vanquished.

Notes
Turn   | Place    | Note
--------------------------------------------------------------
     0 | D:1      | Heskey the Centaur Hunter began the quest for the Orb.
     0 | D:1      | Reached XP level 1. HP: 17/17 MP: 1/1
   193 | D:1      | Reached XP level 2. HP: 21/24 MP: 2/2
   663 | D:2      | Reached XP level 3. HP: 18/30 MP: 3/3
  1167 | D:2      | Noticed Terence
  1194 | D:2      | Killed Terence
  1194 | D:2      | Reached skill level 1 in Armour
  1194 | D:2      | Reached XP level 4. HP: 36/38 MP: 4/4
  1278 | D:2      | Found a shattered altar of Ashenzari.
  1589 | D:2      | Gained mutation: You evolve. [potion of beneficial mutation]
  2200 | D:2      | Noticed Crazy Yiuf
  2227 | D:2      | Killed Crazy Yiuf
  2227 | D:2      | Reached skill level 5 in Crossbows
  2302 | D:3      | Noticed Ijyb
  2339 | D:2      | Killed Ijyb
  2339 | D:2      | Reached XP level 5. HP: 33/45 MP: 5/5
  2512 | D:3      | Reached skill level 1 in Short Blades
  2974 | D:3      | Noticed attackplan's ghost (weakling HOFi)
  3040 | D:3      | Killed attackplan's ghost
  3219 | D:3      | Found a shimmering altar of Xom.
  3220 | D:3      | Found a shimmering altar of Xom.
  3220 | D:3      | Found a shimmering altar of Xom.
  3246 | D:3      | Found a shimmering altar of Xom.
  3246 | D:3      | Found a shimmering altar of Xom.
  3257 | D:3      | Found a shimmering altar of Xom.
  3261 | D:3      | You fall through a shaft for 3 floors!
  3262 | D:6      | Noticed an ice beast
  3289 | D:6      | Noticed Duvessa
  3290 | D:6      | Noticed Dowan
  3318 | D:5      | Entered Level 5 of the Dungeon
  3377 | D:5      | Noticed a sky beast
  3413 | D:5      | Killed a sky beast
  3413 | D:5      | Reached XP level 6. HP: 42/52 MP: 6/6
  4426 | D:4      | Reached skill level 6 in Crossbows
  4453 | D:4      | Found a staircase to the Ecumenical Temple.
  4846 | Temple   | Entered the Ecumenical Temple
  4946 | Temple   | Became a worshipper of Warmaster Okawaru
  5548 | D:5      | Reached XP level 7. HP: 41/59 MP: 7/7
  5729 | D:5      | Gained mutation: Your magical capacity is low (-10% MP). [evolution]
  5737 | D:5      | Noticed Shufflesack's ghost (novice SpEn)
  6260 | D:5      | Noticed an ogre
  6278 | D:5      | HP: 3/60 [gnoll/halberd (5)]
  6278 | D:5      | Slain by an ogre

Action                   |  1- 3 |  4- 6 |  7- 9 || total
-------------------------+-------+-------+-------++-------
Melee: Short sword       |   121 |   385 |     4 ||   510
 Fire: Hand crossbow     |     9 |    69 |    54 ||   132
  Use: Potion            |       |     7 |     1 ||     8
       Scroll            |       |     8 |       ||     8
  Eat: Chunk             |     1 |    10 |       ||    11
       Fruit             |       |     2 |       ||     2
       Bread ration      |       |       |     1 ||     1
